 Dungeon Crawl Stone Soup version 0.31-a0-217-g58bb5d79cf (webtiles) character file.

Game seed: 2177973695918334042

4018 qw the Cleaver (level 10, -8/63 HPs)
             Began as a Gargoyle Fighter on July 2, 2023.
             Was a Believer of Okawaru.
             Mangled by Fannar
             ... wielding a staff of cold
              (16 damage)
             ... on level 1 of the Lair of Beasts.
             The game lasted 00:03:26 (8129 turns).

qw the Cleaver (Gargoyle Fighter)                   Turns: 8129, Time: 00:03:27

Health: -8/63      AC: 27    Str: 25    XL:     10   Next: 23%
Magic:  11/13      EV: 14    Int:  8    God:    Okawaru [**....]
Gold:   268        SH:  6    Dex:  9    Spells: 9/9 levels left

rFire   . . .        Y - +4 war axe (flame)
rCold   . . .        c - +0 buckler
rNeg    + . .        e - +0 plate armour
rPois   inf          (no helmet)
rElec   +            b - +0 cloak
rCorr   .            f - +2 pair of gloves
SInv    +            (no boots)
Will    .....        p - amulet of faith Stlth
                     j - +5 ring of evasion
HPRegen 0.30/turn    n - ring of see invisible
MPRegen 0.13/turn

%: faith
@: about to teleport, heroic
A: sickness immunity, AC +7, negative energy resistance 1, electricity
resistance, torment resistance 1, petrification resistance
a: Renounce Religion, Heroism


You were on level 1 of the Lair of Beasts.
You worshipped Okawaru.
Okawaru was pleased with you.
You visited 3 branches of the dungeon, and saw 10 of its levels.

You collected 508 gold pieces.
You spent 240 gold pieces at shops.


Innate Abilities, Weirdness & Mutations

You are immune to sickness and miasma.
Your stone body is resilient. (AC +7)
You are immune to poison.
You resist negative energy. (rN+)
You are resistant to electric shocks. (rElec)
You are resistant to unholy torment.
You are immune to petrification.


   Skills:
 + Level 7.0(12.0) Fighting
 - Level 10.2(15.2) Axes
 - Level 1.0(6.0) Throwing
 - Level 6.0(11.0) Armour
 - Level 1.1(6.1) Dodging
 - Level 5.5(10.5) Shields
 - Level 4.0 Invocations


You had 9 spell levels left.
You didn't know any spells.
Your spell library was empty.

Inventory:

Hand Weapons
 Y - a +4 war axe of flaming (weapon)
Missiles
 k - a boomerang (quivered)
Armour
 b - a +0 cloak (worn)
 c - a +0 buckler (worn)
 e - a +0 plate armour (worn)
 f - a +2 pair of gloves (worn)
Jewellery
 i - an amulet of the acrobat
 j - a +5 ring of evasion (left hand)
 n - a ring of see invisible (right hand)
 p - an amulet of faith (around neck)
 s - a +4 ring of protection
Scrolls
 g - 10 scrolls of identify
 l - 2 scrolls of teleportation
 t - a scroll of silence {unknown}
Potions
 a - a potion of lignification
 d - 6 potions of might
 h - a potion of resistance
 m - a potion of enlightenment
 o - a potion of heal wounds
 q - a potion of haste
 r - a potion of attraction

Dungeon Overview and Level Annotations

Branches:
Dungeon (8/15)             Temple (1/1) D:7            Lair (1/5) D:8

Altars:
Ashenzari
Cheibriados
Dithmenos
Elyvilon
Fedhas
Gozag
Hepliaklqana
Kikubaaqudgha
Makhleb
Nemelex Xobeh
Okawaru
Qazlal
Ru
Sif Muna
Trog
Vehumet
Wu Jian
Xom
Yredelemnul
Zin
The Shining One

Shops:
D:4 =

Annotations:
D:3 1 runed translucent door, Crazy Yiuf
D:6 2 transporters
Lair:1 Fannar


Message History

You slash the ice beast!
You melt the ice beast.
You hit the ice beast.
You melt the ice beast.
Fannar barely misses you.
The ice beast hits you but does no damage. x2
You hit the ice beast.
You melt the ice beast.
You kill the ice beast!
The ice beast disappears in a puff of smoke!
You slash the ice beast!
You melt the ice beast.
You closely miss Fannar. Fannar hits you with a staff of cold.
Fannar freezes you! The ice beast barely misses you.
8123 ||| INVOKING Heroism.
You gain the combat prowess of a mighty hero.
Fannar hits you but does no damage. Fannar freezes you!
The ice beast hits you but does no damage.
You barely miss the ice beast.
The ice beast is almost dead.
You slash Fannar! You burn Fannar. Fannar hits you but does no damage.
Fannar freezes you!
You slash the ice beast!
You melt the ice beast.
You kill the ice beast!
The ice beast disappears in a puff of smoke!
You hit Fannar. You burn Fannar. You closely miss Fannar.
Fannar is heavily wounded.
Fannar mumbles some strange words.
You hit Fannar. You burn Fannar.
Fannar is heavily wounded.
You slash the ice beast!
You melt the ice beast.
You block Fannar's attack.
You closely miss Fannar.
Fannar is heavily wounded.
You barely miss the ice beast. The ice beast closely misses you.
Fannar hits you but does no damage. Fannar freezes you!
8129 ||| READING 3 scrolls of teleportation.
As you read the scroll of teleportation, it crumbles to dust.
You feel strangely unstable. You block the ice beast's attack.
Fannar hits you but does no damage. Fannar freezes you!
You die...

##>.....#
#......#
##.....##
#......#
#......#
#......##
###......##
#.......Y.#
##......@##
#......¤eF.....
#....(¤####.###
.........
.#.......
#.......
#........
####...


You could see Fannar, an ice beast (summoned) and a bullfrog.

Vanquished Creatures
  An ugly thing (D:7)
  A black mamba (Lair:1)
  A troll (D:8)
  A steam dragon (D:6)
  A water moccasin (Lair:1)
  2 ice beasts (D:7)
  2 black bears
  A sky beast (D:6)
  2 orc warriors (D:8)
  An ogre (D:6)
  2 wolves (D:8)
  A phantom (D:5)
  A kobold brigand (D:7)
  4 bullfrogs
  A scorpion (D:5)
  5 killer bees (D:8)
  An electric eel (D:8)
  2 howler monkeys
  9 hounds
  3 jellies
  2 sleepcaps
  3 iguanas
  6 orc priests
  9 orc wizards
  8 adders
  2 shadow imps (D:8)
  7 white imps
  2 ufetubi
  A worm (D:3)
  8 dart slugs
  23 orcs
  4 ball pythons
  6 bats
  12 endoplasms
  5 giant cockroaches
  5 hobgoblins
  4 jackals (D:5)
  4 quokkas
  2 frilled lizards (D:3)
  4 goblins
  10 kobolds
  4 rats
173 creatures vanquished.

Notes
Turn   | Place    | Note
-------+----------+-------------------------------------------
     0 | D:1      | qw the Gargoyle Fighter began the quest for the Orb.
     0 | D:1      | Reached XP level 1. HP: 14/14 MP: 1/1
     0 | D:1      | 0 ||| qw: Version: 0.3-a-40-ge99b1a8
     0 | D:1      | 0 ||| qw: Game counter: 7987
     0 | D:1      | 0 ||| qw: Melee chars always use a shield: true
     0 | D:1      | 0 ||| qw: God list: Okawaru
     0 | D:1      | 0 ||| qw: Allow faded altars: false
     0 | D:1      | 0 ||| qw: Do Orc after clearing Dungeon:15 true
     0 | D:1      | 0 ||| qw: Do second Lair branch before Depths: true
     0 | D:1      | 0 ||| qw: Lair rune preference: random
     0 | D:1      | 0 ||| qw: Goals: Normal, Zot:1-4, Slime:5, God:TSO, Crypt,
                  | Tomb, Abyss, Pan, Hells, Win
     0 | D:1      | 0 ||| PLANNING D:1-11
   125 | D:1      | 125 ||| Stepping ~*~*~tactically~*~*~ (stealth).
   138 | D:1      | Reached skill level 2 in Axes
   265 | D:1      | Reached XP level 2. HP: 15/19 MP: 2/2
   483 | D:1      | 483 ||| DROPPING +0 whip.
   514 | D:1      | 514 ||| Stepping ~*~*~tactically~*~*~ (stealth).
   538 | D:1      | Reached skill level 3 in Axes
   538 | D:1      | 538 ||| Stepping ~*~*~tactically~*~*~ (stealth).
   542 | D:1      | 542 ||| Stepping ~*~*~tactically~*~*~ (stealth).
   551 | D:1      | Reached XP level 3. HP: 23/23 MP: 3/3
   933 | D:1      | 933 ||| UPGRADING to +4 ring of protection.
   934 | D:1      | 934 ||| READING scroll labelled YLUNIO HOWUPU.
   935 | D:1      | 935 ||| READING 3 scrolls labelled NAILAATISK.
   936 | D:1      | 936 ||| READING scroll labelled ERA GEQUFRUAQIWE.
   937 | D:1      | 937 ||| READING scroll labelled UJUIDD EKIALO.
   938 | D:1      | 938 ||| READING scroll labelled MEMIZX JUSHRABU.
   939 | D:1      | 939 ||| READING scroll labelled SOOHOE OZ COT.
   940 | D:1      | 940 ||| DROPPING +0 mace.
   941 | D:1      | 941 ||| READING scroll labelled CEF QAIMATTATT.
   945 | D:1      | 945 ||| DRINKING 2 ruby potions.
   946 | D:1      | 946 ||| READING 2 scrolls of identify.
   946 | D:1      | 946 ||| IDENTIFYING orange potion
   947 | D:1      | 947 ||| DROPPING potion of brilliance.
   948 | D:1      | 948 ||| DROPPING potion of berserk rage.
  1357 | D:2      | Reached XP level 4. HP: 28/28 MP: 4/4
  1382 | D:2      | 1382 ||| Stepping ~*~*~tactically~*~*~ (hiding).
  1668 | D:2      | 1668 ||| Stepping ~*~*~tactically~*~*~ (stealth).
  1679 | D:2      | Reached skill level 4 in Axes
  1935 | D:2      | 1935 ||| UPGRADING to +0 plate armour.
  1945 | D:2      | 1945 ||| DROPPING +0 scale mail.
  1946 | D:2      | 1946 ||| READING scroll labelled JOMUVOIGIO.
  1947 | D:2      | 1947 ||| READING scroll labelled REEM GIETAAJ.
  1948 | D:2      | 1948 ||| READING 2 scrolls of identify.
  1948 | D:2      | 1948 ||| IDENTIFYING murky grey potion
  2057 | D:3      | 2057 ||| Stepping ~*~*~tactically~*~*~ (stealth).
  2076 | D:3      | 2076 ||| READING scroll of enchant weapon.
  2076 | D:3      | 2076 ||| ENCHANTING +1 war axe of flaming.
  2096 | D:3      | 2096 ||| Stepping ~*~*~tactically~*~*~ (hiding).
  2185 | D:3      | Found Zin's Purification Station.
  2190 | D:3      | Found a glowing silver altar of Zin.
  2195 | D:3      | 2195 ||| BUYING potion of curing (90 gold).
  2195 | D:3      | Bought a potion of curing for 90 gold pieces
  2502 | D:3      | Noticed a shadow
  2505 | D:3      | Found a shadowy altar of Dithmenos.
  2506 | D:3      | Found a hazy altar of Hepliaklqana.
  2605 | D:3      | Found a runed translucent door.
  2606 | D:3      | Noticed Crazy Yiuf
  2739 | D:3      | 2739 ||| UPGRADING to +0 cloak.
  2744 | D:3      | 2744 ||| READING scroll labelled NYIWAC DEIRPH.
  2745 | D:3      | 2745 ||| READING 5 scrolls of identify.
  2745 | D:3      | 2745 ||| IDENTIFYING green potion
  2746 | D:3      | 2746 ||| READING 4 scrolls of identify.
  2746 | D:3      | 2746 ||| IDENTIFYING murky red potion
  2747 | D:3      | 2747 ||| DROPPING potion of invisibility.
  2804 | D:4      | Found a basalt altar of Yredelemnul.
  2862 | D:4      | Reached XP level 5. HP: 32/32 MP: 5/5
  2865 | D:4      | Reached skill level 5 in Axes
  2914 | D:4      | 2914 ||| Stepping ~*~*~tactically~*~*~ (stealth).
  2922 | D:4      | 2922 ||| Stepping ~*~*~tactically~*~*~ (stealth).
  2938 | D:4      | Noticed a black bear
  2948 | D:4      | Killed a black bear
  2949 | D:4      | Reached XP level 6. HP: 19/39 MP: 6/6
  3058 | D:4      | 3058 ||| Stepping ~*~*~tactically~*~*~ (stealth).
  3059 | D:4      | 3059 ||| Stepping ~*~*~tactically~*~*~ (stealth).
  3060 | D:4      | Found Uzimygg's Jewellery Boutique.
  3078 | D:4      | 3078 ||| Stepping ~*~*~tactically~*~*~ (stealth).
  3079 | D:4      | 3079 ||| Stepping ~*~*~tactically~*~*~ (stealth).
  3081 | D:4      | 3081 ||| Stepping ~*~*~tactically~*~*~ (stealth).
  3083 | D:4      | 3083 ||| Stepping ~*~*~tactically~*~*~ (stealth).
  3290 | D:4      | 3290 ||| SHOPLISTING +6 ring of dexterity (360 gold, have
                  | 181).
  3290 | D:4      | 3290 ||| SHOPLISTING amulet of faith (400 gold, have 181).
  3290 | D:4      | 3290 ||| SHOPLISTING amulet of regeneration (300 gold, have
                  | 181).
  3290 | D:4      | 3290 ||| SHOPLISTING ring of ice (250 gold, have 181).
  3290 | D:4      | 3290 ||| SHOPLISTING ring of resist corrosion (200 gold,
                  | have 181).
  3290 | D:4      | 3290 ||| BUYING ring of see invisible (150 gold).
  3290 | D:4      | Bought a ring of see invisible for 150 gold pieces
  3290 | D:4      | 3290 ||| SHOPLISTING ring of willpower (250 gold, have 31).
  3530 | D:4      | 3530 ||| Stepping ~*~*~tactically~*~*~ (hiding).
  3741 | D:4      | 3741 ||| UPGRADING to +2 pair of gloves.
  3746 | D:4      | 3746 ||| UPGRADING to ring of see invisible.
  3747 | D:4      | 3747 ||| DRINKING 2 murky purple potions.
  3748 | D:4      | 3748 ||| READING 6 scrolls of identify.
  3748 | D:4      | 3748 ||| IDENTIFYING fizzy brown potion
  3749 | D:4      | 3749 ||| DROPPING potion of degeneration.
  3761 | D:5      | Entered Level 5 of the Dungeon
  3802 | D:5      | 3802 ||| Stepping ~*~*~tactically~*~*~ (hiding).
  3806 | D:5      | Reached XP level 7. HP: 44/44 MP: 7/7
  3938 | D:5      | Reached skill level 6 in Axes
  4076 | D:5      | 4076 ||| READING scroll of enchant weapon.
  4076 | D:5      | 4076 ||| ENCHANTING +2 war axe of flaming.
  4115 | D:5      | 4115 ||| Stepping ~*~*~tactically~*~*~ (hiding).
  4783 | D:5      | 4783 ||| Stepping ~*~*~tactically~*~*~ (hiding).
  4967 | D:5      | Found a shimmering altar of Xom.
  4980 | D:5      | Reached skill level 7 in Axes
  5060 | D:5      | 5060 ||| READING scroll labelled IRY YRUUFAIFU.
  5060 | D:5      | Identified a scroll of acquirement
  5060 | D:5      | 5060 ||| ACQUIRING +5 ring of evasion
  5060 | D:5      | Acquired a +5 ring of evasion
  5062 | D:5      | 5062 ||| UPGRADING to +5 ring of evasion.
  5212 | D:6      | Found a transporter.
  5212 | D:6      | Found a transporter.
  5219 | D:6      | Identified the +9 spear of the Shore {chaos, rN+}
  5219 | D:6      | Identified the +3 ring mail of Getweoma {Slay+6}
  5252 | D:6      | 5252 ||| Stepping ~*~*~tactically~*~*~ (stealth).
  5253 | D:6      | 5253 ||| Stepping ~*~*~tactically~*~*~ (stealth).
  5260 | D:6      | 5260 ||| Stepping ~*~*~tactically~*~*~ (hiding).
  5266 | D:6      | Reached XP level 8. HP: 29/49 MP: 8/8
  5267 | D:6      | 5267 ||| DRINKING 2 potions of curing.
  5267 | D:6      | 5267 ||| (to cure confusion)
  5277 | D:6      | Reached skill level 1 in Dodging
  5710 | D:6      | 5710 ||| Stepping ~*~*~tactically~*~*~ (hiding).
  5724 | D:6      | Reached skill level 8 in Axes
  5724 | D:6      | 5724 ||| Stepping ~*~*~tactically~*~*~ (cloud).
  5960 | D:6      | 5960 ||| UPGRADING to amulet of faith.
  5965 | D:6      | 5965 ||| DROPPING +6 ring of intelligence.
  5966 | D:6      | 5966 ||| READING 8 scrolls of identify.
  5966 | D:6      | 5966 ||| IDENTIFYING fuming clear potion
  6034 | D:7      | Found a glowing golden altar of the Shining One.
  6115 | D:7      | 6115 ||| Stepping ~*~*~tactically~*~*~ (hiding).
  6132 | D:7      | Reached skill level 6 in Fighting
  6136 | D:7      | 6136 ||| FLEEEEING.
  6137 | D:7      | 6137 ||| FLEEEEING.
  6138 | D:7      | 6138 ||| FLEEEEING.
  6139 | D:7      | 6139 ||| FLEEEEING.
  6140 | D:7      | 6140 ||| FLEEEEING.
  6141 | D:7      | 6141 ||| FLEEEEING.
  6142 | D:7      | 6142 ||| FLEEEEING.
  6143 | D:7      | 6143 ||| FLEEEEING.
  6144 | D:7      | 6144 ||| FLEEEEING.
  6145 | D:7      | 6145 ||| FLEEEEING.
  6146 | D:7      | 6146 ||| FLEEEEING.
  6147 | D:7      | 6147 ||| FLEEEEING.
  6148 | D:7      | 6148 ||| FLEEEEING.
  6149 | D:7      | 6149 ||| FLEEEEING.
  6150 | D:7      | 6150 ||| FLEEEEING.
  6151 | D:7      | 6151 ||| FLEEEEING.
  6152 | D:7      | 6152 ||| FLEEEEING.
  6153 | D:7      | 6153 ||| FLEEEEING.
  6154 | D:7      | 6154 ||| FLEEEEING.
  6155 | D:7      | 6155 ||| FLEEEEING.
  6156 | D:7      | 6156 ||| FLEEEEING.
  6157 | D:7      | 6157 ||| STAIRDANCE
  6209 | D:7      | 6209 ||| Stepping ~*~*~tactically~*~*~ (hiding).
  6364 | D:7      | 6364 ||| Stepping ~*~*~tactically~*~*~ (hiding).
  6365 | D:7      | 6365 ||| Stepping ~*~*~tactically~*~*~ (hiding).
  6378 | D:7      | Reached XP level 9. HP: 55/55 MP: 9/9
  6427 | D:7      | Found a staircase to the Ecumenical Temple.
  6428 | D:7      | 6428 ||| PLANNING TEMPLE
  6433 | Temple   | Entered the Ecumenical Temple
  6434 | Temple   | 6434 ||| PLANNING OKAWARU WORSHIP
  6440 | Temple   | Became a worshipper of Warmaster Okawaru
  6441 | Temple   | 6441 ||| PLANNING D:1-11
  6670 | D:7      | Reached skill level 9 in Axes
  6671 | D:7      | 6671 ||| Stepping ~*~*~tactically~*~*~ (hiding).
  6821 | D:7      | Noticed a brown ugly thing
  6833 | D:7      | Killed a brown ugly thing
  6833 | D:7      | Reached * piety under Okawaru
  6841 | D:7      | Found a shimmering blue altar of Sif Muna.
  7029 | D:7      | Found an ornate altar of the Wu Jian Council.
  7030 | D:7      | Found a broken altar of Ashenzari.
  7104 | D:7      | 7104 ||| READING 8 scrolls of identify.
  7104 | D:7      | 7104 ||| IDENTIFYING bubbling purple potion
  7105 | D:7      | 7105 ||| READING 7 scrolls of identify.
  7105 | D:7      | 7105 ||| IDENTIFYING fuming emerald potion
  7135 | D:8      | Found a staircase to the Lair.
  7135 | D:8      | Noticed a troll
  7136 | D:8      | 7136 ||| INVOKING Heroism.
  7139 | D:8      | 7139 ||| Stepping ~*~*~tactically~*~*~ (water).
  7144 | D:8      | Killed a troll
  7145 | D:8      | Reached skill level 6 in Armour
  7146 | D:8      | Reached skill level 1 in Invocations
  7147 | D:8      | 7147 ||| INVOKING Heroism.
  7158 | D:8      | Reached skill level 3 in Invocations
  7161 | D:8      | 7161 ||| INVOKING Heroism.
  7179 | D:8      | 7179 ||| FLEEEEING.
  7180 | D:8      | 7180 ||| FLEEEEING.
  7181 | D:8      | 7181 ||| FLEEEEING.
  7186 | D:8      | 7186 ||| FLEEEEING.
  7187 | D:8      | 7187 ||| STAIRDANCE
  7290 | D:8      | 7290 ||| DRINKING potion of curing.
  7290 | D:8      | 7290 ||| (to cure confusion)
  7328 | D:8      | 7328 ||| INVOKING Heroism.
  7339 | D:8      | Reached skill level 1 in Throwing
  7517 | D:8      | 7517 ||| Stepping ~*~*~tactically~*~*~ (hiding).
  7522 | D:8      | Reached ** piety under Okawaru
  7661 | D:8      | 7661 ||| READING scroll of enchant weapon.
  7661 | D:8      | 7661 ||| ENCHANTING +3 war axe of flaming.
  7686 | D:8      | 7686 ||| INVOKING Heroism.
  7693 | D:8      | Reached XP level 10. HP: 57/63 MP: 10/13
  7714 | D:8      | 7714 ||| INVOKING Heroism.
  7854 | D:8      | 7854 ||| PLANNING LAIR
  7854 | D:8      | 7854 ||| READING 3 scrolls labelled XEPTIK BAKIMN.
  7855 | D:8      | 7855 ||| DROPPING 2 scrolls of fog.
  7884 | Lair:1   | Entered Level 1 of the Lair of Beasts
  8075 | Lair:1   | Noticed a black mamba
  8076 | Lair:1   | 8076 ||| INVOKING Heroism.
  8082 | Lair:1   | Killed a black mamba
  8083 | Lair:1   | Reached skill level 10 in Axes
  8111 | Lair:1   | Noticed Fannar
  8112 | Lair:1   | 8112 ||| Stepping ~*~*~tactically~*~*~ (hiding).
  8123 | Lair:1   | 8123 ||| INVOKING Heroism.
  8128 | Lair:1   | HP: 8/63 [Fannar/staff of cold (9)]
  8129 | Lair:1   | 8129 ||| READING 3 scrolls of teleportation.
  8129 | Lair:1   | Mangled by Fannar

Levels and vault maps discovered:
D:1:      dpeg_arrival_concentric_ovals, layout_basic, minmay_octomino_c4
D:2:      layout_basic
D:3:      layout_loops_ring, riverfiend_overflow_shadow_ancestor, zin_purify,
          uniq_crazy_yiuf_cottage
D:4:      layout_loops_ring, amcnicky_altar_gilded, serial_shops,
          nicolae_shop_peninsula
D:5:      layout_layer_cave, tgw_xom, ebering_dispersal_statue_hall
D:6:      layout_loops_corners, gammafunk_ghost_gnarly_gnolls
D:7:      layout_loops_ring, nicolae_tso_swordbearing_angel,
          mainiacjoe_overflow_alcove_2, gammafunk_temple_overflow_pools,
          minmay_temple_entry_enclosed_plants, chequers_serial_rivers_room_a
D:8:      layout_rooms, erik_lair_island
Temple:   nicolae_temple_no_exploring_needed
Lair:1:   layout_cave_pods, uniq_fannar

Skill      XL: |  1  2  3  4  5  6  7  8  9 10 |
---------------+-------------------------------+-----
Axes           | 2 3 4 5 7 8 9 10 | 10.2
Fighting       | 4 5 6 7 |  7.0
Armour         | 4 5 6 |  6.0
Dodging        | 1 |  1.1
Shields        | 5 |  5.5
Invocations    | 4 |  4.0
Throwing       | 1 |  1.0

Action                     |  1- 3 |  4- 6 |  7- 9 | 10-12 || total
---------------------------+-------+-------+-------+-------++-------
  Melee: War axe           |    91 |   106 |   237 |    28 ||   462
  Throw: Boomerang         |       |       |       |     9 ||     9
 Invoke: Heroism           |       |       |     5 |     3 ||     8
    Use: Scroll            |     8 |     8 |     6 |     2 ||    24
         Potion            |     1 |     1 |     2 |       ||     4
 Armour: Scale mail        |    51 |     5 |       |       ||    56
         Plate armour      |       |    67 |   185 |    15 ||   267
  Dodge: Dodged            |    47 |    24 |   118 |    10 ||   199
  Block: Buckler           |    16 |     9 |    51 |     4 ||    80

Table legend:
 A = Non-vault XP
 B = Vault XP
 C = Vault XP percentage of total XP
 D = Non-vault monster count
 E = Vault monster count
 F = Vault count percentage of total count
                 A         B        C        D         E       F
            +---------+---------+-------+---------+---------+-------
      Total |    4975 |     766 |  13.3 |     153 |      20 |  11.6
            +---------+---------+-------+---------+---------+-------
        D:1 |      26 |      11 |  29.7 |      15 |       7 |  31.8
        D:2 |      72 |       0 |   0.0 |      18 |       0 |   0.0
        D:3 |      34 |       0 |   0.0 |      14 |       0 |   0.0
        D:4 |     470 |       0 |   0.0 |      23 |       0 |   0.0
        D:5 |     448 |      15 |   3.2 |      25 |       5 |  16.7
        D:6 |     649 |       0 |   0.0 |      10 |       0 |   0.0
        D:7 |    1430 |       0 |   0.0 |      20 |       0 |   0.0
        D:8 |    1011 |     740 |  42.3 |      24 |       8 |  25.0
     Lair:1 |     835 |       0 |   0.0 |       4 |       0 |   0.0
            +---------+---------+-------+---------+---------+-------
